 Dungeon Crawl Stone Soup version 0.29.1-14-g9c671dbff4 (webtiles) character file.

Game seed: 6697169237314886537

112 Barneous the Shooter (level 4, -3/30 HPs)
             Began as an Octopode Hunter on Feb 17, 2023.
             Killed from afar by an orc wizard (6 damage)
             ... with a magic dart
             ... on level 3 of the Dungeon.
             The game lasted 00:07:26 (2650 turns).

Barneous the Shooter (Octopode Hunter)              Turns: 2650, Time: 00:07:26

Health: -3/30      AC:  1    Str:  8 (10) XL:     4   Next: 95%
Magic:  6/6        EV: 14    Int: 13      God:
Gold:   78         SH:  0    Dex: 20 (21) Spells: 3/5 levels left

rFire   . . .      SeeInvis .   a - +0 shortbow
rCold   . . .      Faith    .   (shield currently unavailable)
rNeg    . . .      Spirit   .   (helmet restricted)
rPois   +          Reflect  .   (no amulet)
rElec   .          Harm     .   c - +6 ring of dexterity
rCorr   .          Rampage  .   d - ring of poison resistance
Will    .....                   (no ring)
Stlth   ++++......              (no ring)
HPRegen 0.10/turn               (no ring)
MPRegen 0.10/turn               (no ring)
                                (no ring)
                                (no ring)

@: no status effects
A: almost no armour, amphibious, 8 rings, camouflage 1, gelatinous body 1,
(nimble swimmer 1), tentacles
a: no special abilities


You were on level 3 of the Dungeon.
You visited 1 branch of the dungeon, and saw 3 of its levels.

You collected 78 gold pieces.

Inventory:

Hand Weapons
 a - a +0 shortbow (weapon)
Jewellery
 c - a +6 ring of dexterity (left tentacle)
 d - a ring of poison resistance (right tentacle)
Wands
 e - a wand of charming (7)
Scrolls
 b - 3 scrolls of teleportation


   Skills:
 + Level 2.8 Fighting
 + Level 4.4 Ranged Weapons
 + Level 2.8 Dodging
 + Level 3.0 Stealth
 + Level 1.4 Spellcasting


You had 3 spell levels left.
You knew the following spells:

 Your Spells              Type           Power      Damage    Failure   Level
a - Blink                 Tloc           0%         N/A       38%         2

Your spell library contained the following spells:

 Spells                   Type           Power      Damage    Failure   Level
 Lesser Beckoning         Tloc           0%         N/A       63%         3
 Manifold Assault         Tloc           0%         N/A       100%        5


Dungeon Overview and Level Annotations

Branches:
Dungeon (3/15)

Altars:
Trog


Innate Abilities, Weirdness & Mutations

You cannot wear most types of armour.
You are amphibious.
You can wear up to eight rings at the same time.
Your skin changes colour to match your surroundings (Stealth+).
Your rubbery body absorbs attacks. (AC +1, EV +1)
((You are camouflaged when in or above water. (Stealth+)))
You have tentacles for arms and can constrict up to eight enemies at once.


Message History

You barely miss the orc wizard. Your squeeze misses the orc wizard.
The orc wizard is moderately wounded.
The orc wizard hits you with a +0 dagger.
The orc barely misses you.
You bump into the rock wall.
You feel less confused.
The orc wizard hits you with a +0 dagger.
The orc hits you with a +0 dagger.
The orc wizard attacks as you move away!
The orc wizard hits you with a +0 dagger.
* * * LOW HITPOINT WARNING * * *
The orc wizard attacks as you move away!
The orc wizard barely misses you.
Fire: a) +0 shortbow
Press: ? - help, Q - select action, (/) - cycle Shift-Dir - straight line, f/p - orc wizard
Aim: an orc wizard, wielding a +0 dagger and wearing a +0 robe (moderately wounded, 59% to hit)
You shoot an arrow.
The arrow hits the orc wizard but does no damage.
The orc wizard is moderately wounded.
The orc wizard hits you with a +0 dagger.
* * * LOW HITPOINT WARNING * * *
The orc wizard gestures wildly while chanting.
The orc wizard flickers and vanishes!
Deactivating autopickup; reactivate with Ctrl-A.
Fire: a) +0 shortbow
Press: ? - help, Q - select action, (/) - cycle Shift-Dir - straight line, f - orc
Aim: an orc, wielding a +0 dagger, wearing a +0 chain mail and carrying a wand of flame (15) (72% to hit)
You shoot an arrow. Something hits you.
* * * LOW HITPOINT WARNING * * *
The orc zaps a wand.
The puff of flame hits something.
Fire: a) +0 shortbow
Press: ? - help, Q - select action, (/) - cycle Shift-Dir - straight line, f/p - orc
Aim: an orc, wielding a +0 dagger, wearing a +0 chain mail and carrying a wand of flame (14) (72% to hit)
You shoot an arrow.
The arrow hits the orc but does no damage.
You hear some strange, mumbled words.
A magic dart appears from out of thin air!
The magic dart hits you.
You die...

.......# #..#.#.###
#........ . #.#.....
..####....#.#
..........#.# #.#### ##
..##........# #.##.. ..
............###.##.##.
...........o{@..##... ..
..##.....#..###.....# ##.#
.........#.## #.##..# ....
.....)...#.####.##..#.....
....................#.....
.<.......######.##......_.
.#.##..... ####.....#.....
.)........ .........# ....
. .. .............>#..#
....


You could see an orc.

Vanquished Creatures
  5 adders
  A worm (D:3)
  2 dart slugs
  An orc (D:3)
  6 bats
  3 endoplasms
  A giant cockroach (D:2)
  5 goblins
  6 hobgoblins
  A quokka (D:2)
  13 ball pythons
  2 frilled lizards
  3 kobolds (D:3)
  6 rats
55 creatures vanquished.

Notes
Turn   | Place    | Note
-------+----------+-------------------------------------------
     0 | D:1      | Barneous the Octopode Hunter began the quest for the Orb.
     0 | D:1      | Reached XP level 1. HP: 14/14 MP: 1/1
    43 | D:1      | Found a faded altar of an unknown god.
   215 | D:1      | Reached XP level 2. HP: 19/19 MP: 2/2
   854 | D:2      | Learned a level 2 spell: Blink
   938 | D:2      | Reached XP level 3. HP: 24/24 MP: 4/4
  1187 | D:2      | Reached skill level 1 in Spellcasting
  1287 | D:2      | HP: 1/25 [adder (1)]
  1290 | D:2      | Reached XP level 4. HP: 4/30 MP: 5/5
  2507 | D:3      | Found a bloodstained altar of Trog.
  2650 | D:3      | Killed from afar by an orc wizard

Illustrated notes

Levels and vault maps discovered:
D:1:      erik_arrival_triangle_large, layout_basic, basic_ecumenical_altar
D:2:      cheibrodos_helix_gallery, layout_loops_ring, minmay_snake_closets
D:3:      layout_basic, nzn_hepliaklqana_mist_gate, old_standard_altar

Skill      XL: |  1  2  3  4 |
---------------+-------------+-----
Stealth        | 2 3 |  3.0
Spellcasting   | 1 |  1.4
Fighting       | |  2.8
Ranged Weapons | |  4.4
Dodging        | |  2.8

Action                   |  1- 3 |  4- 6 || total
-------------------------+-------+-------++-------
Melee: Shortbow          |       |     1 ||     1
 Fire: Shortbow          |    65 |    57 ||   122
 Cast: Blink             |     1 |       ||     1
  Use: Scroll            |     6 |     3 ||     9
       Potion            |     5 |     4 ||     9
Armor: Skin              |     3 |     1 ||     4
Dodge: Dodged            |    16 |     5 ||    21
